 Dungeon Crawl Stone Soup version 0.27.0-1-g7a089689b8 (webtiles) character file.

Game seed: 3028986689768956042

98 ZombieSheep the Skirmisher (level 4, -3/30 HPs)
             Began as a Gargoyle Berserker on Aug 9, 2021.
             Was a Believer of Trog.
             Slain by a gnoll (7 damage)
             ... on level 2 of the Dungeon.
             The game lasted 00:01:59 (1489 turns).

ZombieSheep the Skirmisher (Gargoyle Berserker)     Turns: 1489, Time: 00:02:00

Health: -3/30      AC:  8    Str: 21    XL:     4   Next: 69%
Magic:  4/4        EV: 11    Int:  7    God:    Trog [**....]
Gold:   63         SH:  0    Dex: 10    Spells: 3/3 levels left

rFire    . . .     SeeInvis .   a - +0 mace
rCold    . . .     Faith    .   (no shield)
rNeg     + . .     Spirit   .   b - +0 animal skin
rPois    ∞         Reflect  .   g - +2 helmet
rElec    +         Harm     .   (no cloak)
rCorr    .         Rampage  .   (no gloves)
Will     .....                  (no boots)
Stlth    +.........             (no amulet)
HPRegen  0.10/turn              (no ring)
MPRegen  0.09/turn              (no ring)

@: on berserk cooldown, slowed, very slow
A: sickness immunity, AC +3, negative energy resistance 1, electricity
resistance, torment resistance 1, petrification resistance
a: Renounce Religion, Berserk, Trog's Hand


You were on level 2 of the Dungeon.
You worshipped Trog.
Trog was pleased with you.
You visited 1 branch of the dungeon, and saw 2 of its levels.

You collected 63 gold pieces.

Inventory:

Hand Weapons
 a - a +0 mace (weapon)
Armour
 b - a +0 animal skin (worn)
 g - a +2 helmet (worn)
Jewellery
 d - a ring of fire
Scrolls
 f - a scroll of summoning {unknown}
Potions
 c - a potion of heal wounds
 e - a potion of ambrosia {unknown}


   Skills:
 + Level 4.7 Fighting
 + Level 4.2 Maces & Flails
 - Level 2.1 Armour
 - Level 1.5 Dodging


You had 3 spell levels left.
You didn't know any spells.
Your spell library was empty.

Dungeon Overview and Level Annotations

Branches:
Dungeon (2/15)

Altars:


Innate Abilities, Weirdness & Mutations

You are immune to sickness and miasma.
Your stone body is resilient. (AC +3)
You are immune to poison.
You resist negative energy. (rN+)
You are resistant to electric shocks. (rElec)
You are resistant to unholy torment.
You are immune to petrification.


Message History

You kill the kobold!
Trog accepts your kill.
You sock the gnoll!
You kill the gnoll!
Trog accepts your kill.
You can now call upon Trog for regeneration and willpower.
The gnoll barely misses you.
Items here: ( )) ††.
You hit the gnoll.
The gnoll is moderately wounded.
The gnoll hits you but does no damage.
You sock the gnoll!
The gnoll is almost dead.
You hit the gnoll.
You kill the gnoll!
Trog accepts your kill. The gnoll closely misses you.
You see here a +0 spear.
You closely miss the gnoll.
You are no longer berserk.
You are exhausted.
You feel yourself slow down. The gnoll hits you with a +0 halberd.
You closely miss the gnoll. The gnoll hits you with a +0 halberd!
The gnoll hits you but does no damage.
You hit the gnoll.
The gnoll is moderately wounded.
The gnoll closely misses you.
You hit the gnoll.
The gnoll is heavily wounded.
The gnoll hits you but does no damage. x2
You barely miss the gnoll.
The gnoll is heavily wounded.
The gnoll hits you with a +0 halberd.
* * * LOW HITPOINT WARNING * * *
The gnoll hits you with a +0 halberd.
* * * LOW HITPOINT WARNING * * *
You hit the gnoll but do no damage.
The gnoll is heavily wounded.
The gnoll barely misses you. The gnoll hits you with a +0 halberd!
You die...

#........g#.##.........#.#.....
+........K'....................
#.........#.##....####.#.#.#...
##.......##K##..#.# #.#.#.##..
##.....###.......####.#.#.###.
##...## ####.........#.......
##+# #.###############. #g# #.
#@# #. #)# #. #)# ## #.#
#.......# #.#######


You could see a gnoll.

Vanquished Creatures
  Natasha (D:2)
  3 gnolls (D:2)
  An adder (D:2)
  A dart slug (D:1)
  An endoplasm (D:1)
  A giant cockroach (D:1)
  2 goblins (D:1)
  3 hobgoblins
  2 jackals (D:1)
  6 kobolds
  2 quokkas (D:2)
  2 ball pythons
  A bat (D:1)
  6 rats
32 creatures vanquished.

Notes
Turn   | Place    | Note
-------+----------+-------------------------------------------
     0 | D:1      | ZombieSheep the Gargoyle Berserker began the quest for the
                  | Orb.
     0 | D:1      | Reached XP level 1. HP: 14/14 MP: 1/1
   115 | D:1      | Reached XP level 2. HP: 9/19 MP: 2/2
   881 | D:2      | Reached XP level 3. HP: 18/24 MP: 3/3
  1202 | D:2      | Noticed Natasha
  1209 | D:2      | Killed Natasha
  1210 | D:2      | Reached XP level 4. HP: 30/30 MP: 4/4
  1478 | D:2      | Reached ** piety under Trog
  1489 | D:2      | Slain by a gnoll

Illustrated notes

Levels and vault maps discovered:
D:1:      minmay_arrival_open_corners, layout_rooms
D:2:      layout_loops_corners, uniq_natasha

Skill      XL: |  1  2  3 |
---------------+----------+-----
Fighting       | 4 |  4.7
Maces & Flails | 4 |  4.2
Armour         | |  2.1
Dodging        | |  1.5

Action                   |  1- 3 |  4- 6 || total
-------------------------+-------+-------++-------
Melee: Mace              |    67 |    33 ||   100
Invok: Berserk           |     2 |     1 ||     3
  Use: Scroll            |     4 |       ||     4
Armor: Animal skin       |    33 |    12 ||    45
Dodge: Dodged            |    41 |    23 ||    64
